 Dungeon Crawl Stone Soup version 0.19-a0-593-gf2cdb02 (webtiles) character file.

96662 tyrsky the Warrior (level 15, -2/149 HPs)
             Began as a Minotaur Berserker on June 10, 2016.
             Was a High Priest of Trog.
             Slain by a redback (9 damage)
             ... on level 1 of the Spider Nest.
             The game lasted 01:07:08 (24326 turns).

tyrsky the Warrior (Minotaur Berserker)            Turns: 24326, Time: 01:07:09

Health: -2/149     AC: 13    Str: 27    XL:     15   Next: 69%
Magic:  10/10      EV:  9    Int:  4    God:    Trog [*****.]
Gold:   2372       SH:  0    Dex: 10    Spells: 0 memorised, 14 levels left

rFire  + . .     SeeInvis .     N - +6 dire flail (antimagic)
rCold  + . .     Gourm    .     u - +0 plate armour
rNeg   . . .     Faith    +     (shield currently unavailable)
rPois  +         Spirit   .     (helmet restricted)
rElec  +         Dismiss  .     (no cloak)
rCorr  .         Reflect  .     W - +2 pair of gloves
SustAt .         Harm     .     l - +0 pair of boots
MR     ++...                    q - amulet of Qukufas {Faith rElec MP+9 Stlth-}
Stlth  ..........               t - ring of protection from fire
                                J - ring of poison resistance

@: corroded, very slightly contaminated, invisible, very resistant to hostile
enchantments, extremely unstealthy
A: retaliatory headbutt, horns 2, talons 1, rough black scales 1, slimy green
scales 1, blurry vision 1, cold resistance 1, magic resistance 1
a: Berserk, Trog's Hand, Brothers in Arms, Burn Spellbooks, Renounce Religion


You were on level 1 of the Spider Nest.
You worshipped Trog.
Trog was extremely pleased with you.
You were not hungry.

You visited 4 branches of the dungeon, and saw 24 of its levels.
You also visited: Labyrinth and Bailey.

You collected 2529 gold pieces.
You spent 157 gold pieces at shops.

Inventory:

Hand Weapons
 L - a +4 antimagic great mace
 N - a +6 antimagic dire flail (weapon)
Armour
 h - a +1 pair of gloves
 l - a +0 pair of boots (worn)
 u - a +0 plate armour (worn)
 I - a +0 large shield
 W - a +2 pair of gloves (worn)
Jewellery
 d - an uncursed ring of protection from cold
 e - an uncursed ring of sustain attributes
 q - the amulet of Qukufas (around neck) {Faith rElec MP+9 Stlth-}
   (You found it on level 4 of the Dungeon)

   [amulet of faith]

   It allows you to gain divine favour quickly.
   It insulates you from electricity.
   It affects your magic capacity (+9).
   It makes you less stealthy.
 t - a ring of protection from fire (right hand)
 E - a +5 ring of protection
 J - a ring of poison resistance (left hand)
Wands
 f - a wand of acid (8/15)
 x - a wand of lightning (4/15)
 A - a wand of confusion (37/48)
 M - a wand of enslavement (19/24)
 O - a wand of digging (19/24)
 Q - a wand of confusion (5/48)
 S - a wand of hasting (4/9)
 T - a wand of iceblast (4/15)
 V - a wand of flame (35/48)
 X - a wand of acid (6/15)
Scrolls
 a - a scroll of recharging
 i - 9 scrolls of teleportation
 k - 3 scrolls of fear
 o - a scroll of magic mapping
 p - 5 scrolls of enchant weapon
 w - 4 scrolls of remove curse
 y - a scroll of fog
 F - 2 scrolls of random uselessness
 G - 5 scrolls of identify {@*1}
 K - 3 scrolls of enchant armour
 R - 3 scrolls of blinking
Potions
 b - 4 potions of lignification
 g - 3 potions of resistance
 m - a potion of magic
 n - 3 potions of curing
 z - 3 potions of brilliance
 B - a potion of invisibility
 C - 4 potions of might
 D - 2 potions of flight
 H - a potion of haste
 P - a potion of mutation
 Z - 3 potions of agility
Comestibles
 c - 9 bread rations
 j - 23 fruits
 v - 7 meat rations
 Y - 3 royal jellies


   Skills:
 * Level 18.2 Fighting
 - Level 14.2 Maces & Flails
 - Level 5.2 Throwing
 * Level 18.1 Armour
 - Level 2.1 Dodging
 - Level 10.6 Evocations


You had 14 spell levels left.
You didn't know any spells.

Dungeon Overview and Level Annotations

Branches:
Dungeon (15/15)            Temple (0/1) D:7            Lair (6/6) D:9
 Shoals (0/4) Lair:4       Spider (1/4) Lair:4        Slime (0/5) Lair:6
    Orc (2/2) D:10            Elf (0/3) Orc:2        Vaults (0/5) D:13
 Depths (0/5) D:15

Altars:
Dithmenos
Elyvilon
Fedhas
Gozag
Hepliaklqana
Okawaru
Pakellas
Qazlal
Ru
Uskayaw
Xom
Yredelemnul
Zin
The Shining One
Beogh

Shops:
Orc:1 :   Orc:2 :([*

Portals:
Trove: D:15 (give 5 potions of cure mutation)


Innate Abilities, Weirdness & Mutations

You reflexively headbutt those who attack you in melee.
You have a pair of horns on your head.
You have sharp toenails.
You are partially covered in rough black scales. (AC +4, Dex -1)
You are partially covered in slimy green scales. (AC +2)
Scrolls take you a little longer to read.
Your flesh is cold resistant. (rC+)
You are resistant to hostile enchantments. (MR+)


Message History

The redback bites you.
* * * LOW HITPOINT WARNING * * *
The redback bites you.
* * * LOW HITPOINT WARNING * * *
The redback bites you.
* * * LOW HITPOINT WARNING * * *
The tarantella bites you.
* * * LOW HITPOINT WARNING * * *
The tarantella bites you.
* * * LOW HITPOINT WARNING * * *
The redback bites you.
* * * LOW HITPOINT WARNING * * *
You feel better. The redback bites you.
* * * LOW HITPOINT WARNING * * *
The redback bites you but does no damage.
The tarantella barely misses you. The tarantella completely misses you.
You furiously retaliate!
You headbutt the tarantella, but do no damage.
The redback bites you!
You die...

#### # #
#.#≈####
≈≈##.##..#≈≈≈##
#≈...#...#..≈≈##
≈....≈.......#≈≈
#...#........#≈
#......s.......
#...sHs......≈
#...$.#ss....#).
%^.....p.....#
#.>............≈
#....(..........
....%...........
........#..#....
..?............
....... .......


You could see an entropy weaver, 2 tarantellas and 3 redbacks.

Vanquished Creatures
  Agnes (D:15)
  Maud (Lair:5)
  The ghost of p0werm0de the Covert, a journeyman OpAr of Gozag (D:10)
  A minotaur (Lab)
  2 fire dragons (D:15)
  The ghost of tstbtto the Severer, a journeyman GrBe of Trog (Lair:4)
  The ghost of murphy the Envoy of Void, a journeyman DsAK of Lugonu (D:11)
  2 catoblepae
  7 hydras
  3 centaur warriors (D:13)
  An ogre mage (D:14)
  4 orc high priests (Orc:2)
  2 tengu warriors (D:14)
  Nergalle (Lair:3)
  The ghost of no0bjke the Skirmisher, a novice DsFi (D:6)
  2 iron trolls (D:13)
  4 unseen horrors
  A deep troll (D:13)
  Pikel (D:7)
  4 hill giants
  5 orc knights
  A wolf spider (Lair:4)
  A wolf spider zombie (D:12)
  2 cyclopes
  A manticore (D:11)
  3 orc sorcerers
  6 ugly things
  2 deep elf magi
  A griffon (Lair:6)
  14 elephants (Lair:6)
  6 black mambas
  Joseph (D:7)
  2 sirens (Lair:4)
  4 gargoyles
  14 spiny frogs
  2 torpor snails (Lair:3)
  A kobold demonologist (D:15)
  5 komodo dragons
  A rime drake (Lair:6)
  2 efreet
  2 merfolk (Lair:4)
  4 two-headed ogres
  A queen bee (shapeshifter) (D:14)
  14 trolls
  A jumping spider (Lair:4)
  2 polar bears
  19 blink frogs
  2 harpy skeletons (D:14)
  A shadow (D:13)
  3 water elementals (D:13)
  5 redbacks
  53 yaks
  2 vampires
  3 wyverns
  16 humans (D:13)
  The ghost of Protee the Changer, an amateur DrTm (D:3)
  A steam dragon (Lair:4)
  2 hippogriffs
  2 mottled dragons
  A hungry ghost (D:9)
  3 wargs (Orc:2)
  3 soldier ants
  Edmund (D:6)
  13 water moccasins
  4 porcupines
  6 sky beasts
  A slave (D:7)
  26 orc warriors
  6 ice beasts
  A black bear (Lair:6)
  An eye of draining (D:14)
  11 ogres
  12 centaurs
  15 wolves
  15 crocodiles
  A big kobold (D:10)
  14 giant frogs
  A water moccasin zombie (D:8)
  A wyvern skeleton (D:13)
  7 killer bees
  7 scorpions
  A troll skeleton (D:9)
  5 electric eels
  11 wights
  2 howler monkeys
  3 centaur zombies
  15 crimson imps
  6 giant frog zombies
  9 hounds
  4 jellies
  6 orc priests
  2 quasits
  A wasp zombie (D:11)
  A giant frog skeleton (D:9)
  9 centaur skeletons
  9 iguanas
  17 orc wizards
  7 worker ants
  A killer bee zombie (D:9)
  4 sheep
  A hound skeleton (D:10)
  4 worker ant zombies
  11 gnolls
  54 river rats
  12 adders
  4 shadow imps
  2 oozes
  An adder skeleton (D:4)
  3 worms
  3 giant geckos
  88 orcs
  9 bats
  4 giant cockroaches
  4 goblins
  9 hobgoblins
  3 jackals (D:9)
  14 kobolds
  6 quokkas
  3 ball pythons
  A giant gecko skeleton (D:5)
  A giant gecko zombie (D:5)
  3 giant newts
  A quokka skeleton (D:5)
  14 rats
  A fungus (Lair:6)
768 creatures vanquished.

Vanquished Creatures (collateral kills)
  Kirke (Lair:5)
  An orc warlord (Orc:2)
  Azrael (D:13)
  The ghost of pk666 the Fighter, a journeyman MiBe of Trog (Lair:3)
  The ghost of p0werm0de the Nimble, a journeyman DsAs of Uskayaw (Bailey)
  A hydra (Lair:6)
  4 death yaks (Lair:6)
  An orc high priest (Orc:2)
  A deep troll shaman (Lair:6)
  2 ugly things (D:15)
  An elephant (Lair:6)
  2 trolls (Orc:2)
  4 fire elementals (D:13)
  A hell hound (D:13)
  6 orc warriors
  2 ogres (Orc:2)
  5 centaurs (D:15)
  A crocodile (Lair:5)
  A giant frog (Lair:5)
  3 killer bees (D:13)
  An orc priest (Orc:2)
  3 river rats (Lair:6)
  8 orcs
  A fungus (Orc:2)
53 creatures vanquished.

Vanquished Creatures (others)
  A hydra (D:3)
  A water elemental (D:15)
  2 humans (Lair:5)
  A slave (D:7)
  A scorpion (D:7)
  An electric eel (D:15)
  A giant frog zombie (D:7)
  A hound (D:7)
  An iguana (D:7)
  An orc (D:15)
  2 fungi (Lair:4)
  9 plants
22 creatures vanquished.

Grand Total: 843 creatures vanquished

Notes
Turn   | Place    | Note
--------------------------------------------------------------
     0 | D:1      | tyrsky the Minotaur Berserker began the quest for the Orb.
     0 | D:1      | Reached XP level 1. HP: 19/19 MP: 0/0
   428 | D:1      | Reached XP level 2. HP: 26/26 MP: 1/1
   606 | D:1      | Reached ** piety under Trog
   846 | D:2      | Reached skill level 5 in Maces & Flails
   846 | D:2      | Reached XP level 3. HP: 31/31 MP: 2/2
   875 | D:2      | Found a blossoming altar of Fedhas.
  1074 | D:2      | Found a stormy altar of Qazlal.
  1148 | D:2      | Reached XP level 4. HP: 30/39 MP: 3/3
  1302 | D:2      | Found a basalt altar of Yredelemnul.
  1529 | D:3      | Reached *** piety under Trog
  1554 | D:3      | Noticed Protee's ghost (amateur DrTm)
  1564 | D:3      | Killed Protee's ghost
  1564 | D:3      | Reached XP level 5. HP: 45/45 MP: 4/4
  1668 | D:3      | Reached XP level 6. HP: 44/51 MP: 5/5
  1678 | D:3      | Found a faded altar of an unknown god.
  1702 | D:3      | Found an iron altar of Okawaru.
  1702 | D:3      | Found a glowing golden altar of the Shining One.
  1903 | D:3      | Found an oddly glowing altar of Pakellas.
  1903 | D:3      | Noticed an eight-headed hydra
  1910 | D:3      | Killed an eight-headed hydra
  2390 | D:4      | Got a brightly glowing zirconium amulet
  2533 | D:4      | Found a shimmering altar of Xom.
  2593 | D:4      | Reached XP level 7. HP: 51/57 MP: 6/6
  2835 | D:5      | Entered Level 5 of the Dungeon
  2895 | D:5      | Reached skill level 10 in Maces & Flails
  2988 | D:5      | Found a hazy altar of Hepliaklqana.
  3075 | D:5      | Identified the amulet of Qukufas {Faith rElec MP+9 Stlth-} (You found it on level 4 of the Dungeon)
  3098 | D:5      | Reached **** piety under Trog
  3768 | D:6      | Reached XP level 8. HP: 64/64 MP: 7/7
  3886 | D:6      | Noticed no0bjke's ghost (novice DsFi)
  3909 | D:6      | Killed no0bjke's ghost
  4372 | D:6      | Noticed Edmund
  4404 | D:6      | Killed Edmund
  4404 | D:6      | Reached XP level 9. HP: 54/70 MP: 8/8
  4408 | D:6      | Gained mutation: Your skin changes colour to match your surroundings (Stealth+). [potion of beneficial mutation]
  4409 | D:6      | Gained mutation: Your mind is acute. (Int +2) [potion of beneficial mutation]
  4410 | D:6      | Gained mutation: Your muscles are strong. (Str +2) [potion of beneficial mutation]
  4411 | D:6      | Gained mutation: You are partially covered in slimy green scales. (AC +2) [potion of beneficial mutation]
  4598 | D:6      | Gained mutation: You are frail. (-10% HP) [mutagenic meat]
  4599 | D:6      | Lost mutation: Your muscles are strong. (Str +2) [mutagenic meat]
  4600 | D:6      | Lost mutation: Your mind is acute. (Int +2) [mutagenic meat]
  4601 | D:6      | Lost mutation: You are frail. (-10% HP) [mutagenic meat]
  4602 | D:6      | Lost mutation: Your skin changes colour to match your surroundings (Stealth+). [mutagenic meat]
  4603 | D:6      | Gained mutation: Scrolls take you a little longer to read. [mutagenic meat]
  4724 | D:7      | Noticed Pikel
  4736 | D:7      | Killed Pikel
  4736 | D:7      | Reached skill level 5 in Fighting
  4757 | D:7      | Reached ***** piety under Trog
  4811 | D:7      | Found a hide-covered altar of Uskayaw.
  4839 | D:7      | Noticed Joseph
  4851 | D:7      | Killed Joseph
  4851 | D:7      | Reached skill level 5 in Armour
  5279 | D:7      | Found a white marble altar of Elyvilon.
  5382 | D:7      | Found a staircase to the Ecumenical Temple.
  5752 | D:8      | Reached XP level 10. HP: 86/86 MP: 9/9
  5905 | D:8      | Found a sacrificial altar of Ru.
  6564 | D:9      | Found a flagged portal.
  6575 | Bailey   | Entered a bailey
  6576 | Bailey   | Noticed p0werm0de's ghost (journeyman DsAs)
  6594 | Bailey   | Killed p0werm0de's ghost
  6989 | Bailey   | Received a gift from Trog
  7227 | Bailey   | Found a roughly hewn altar of Beogh.
  7227 | Bailey   | Noticed an orc knight
  7240 | Bailey   | Killed an orc knight
  7420 | D:9      | Reached skill level 10 in Fighting
  7420 | D:9      | Reached skill level 1 in Evocations
  7421 | D:9      | Found a staircase to the Lair.
  7421 | D:9      | Noticed a spiny frog
  7427 | D:9      | Killed a spiny frog
  7501 | D:9      | Found an opulent altar of Gozag.
  7502 | D:9      | Found a glowing silver altar of Zin.
  7686 | D:9      | Found a shadowy altar of Dithmenos.
  7859 | D:9      | Reached XP level 11. HP: 101/101 MP: 6/11
  7885 | D:9      | Reached skill level 10 in Armour
  8278 | Lair:1   | Entered Level 1 of the Lair of Beasts
  8684 | Lair:1   | Noticed a six-headed hydra
  8691 | Lair:1   | Killed a six-headed hydra
  8717 | Lair:1   | Received a gift from Trog
  9079 | Lair:1   | Reached skill level 5 in Evocations
  9587 | Lair:2   | Noticed a five-headed hydra
  9593 | Lair:2   | Killed a five-headed hydra
  9593 | Lair:2   | Reached skill level 1 in Throwing
 10269 | Lair:3   | Received a gift from Trog
 10381 | Lair:3   | Reached XP level 12. HP: 99/111 MP: 11/15
 10408 | Lair:3   | Noticed Nergalle
 10416 | Lair:3   | Killed Nergalle
 10677 | Lair:3   | Received a gift from Trog
 11044 | Lair:3   | Noticed pk666's ghost (journeyman MiBe)
 11053 | Lair:3   | Killed pk666's ghost
 11355 | Lair:4   | Noticed a seven-headed hydra
 11363 | Lair:4   | Killed a seven-headed hydra
 11394 | Lair:4   | Found a hole to the Spider Nest.
 12143 | Lair:4   | Found a staircase to the Shoals.
 12509 | Lair:4   | Noticed tstbtto's ghost (journeyman GrBe)
 12518 | Lair:4   | Killed tstbtto's ghost
 12662 | Lair:5   | Noticed a catoblepas
 12666 | Lair:5   | Noticed Kirke
 12668 | Lair:5   | Killed a catoblepas
 12676 | Lair:5   | Killed Kirke
 12676 | Lair:5   | Reached XP level 13. HP: 108/122 MP: 12/18
 12775 | Lair:5   | Received a gift from Trog
 12988 | Lair:5   | Reached skill level 5 in Throwing
 13502 | Lair:5   | Noticed Maud
 13509 | Lair:5   | Killed Maud
 13678 | Lair:6   | Entered Level 6 of the Lair of Beasts
 14573 | Lair:6   | Found a staircase to the Slime Pits.
 14743 | Lair:6   | Received a gift from Trog
 15046 | Lair:6   | Received a gift from Trog
 15046 | Lair:6   | Reached skill level 15 in Fighting
 15285 | Lair:6   | Found a glowing silver altar of Zin.
 15696 | Lair:4   | Reached XP level 14. HP: 135/135 MP: 12/20
 15832 | D:9      | Found a roughly hewn altar of Beogh.
 15843 | D:9      | Received a gift from Trog
 16188 | D:10     | Entered Level 10 of the Dungeon
 16537 | D:10     | Noticed p0werm0de's ghost (journeyman OpAr)
 16550 | D:10     | Killed p0werm0de's ghost
 16550 | D:10     | Reached skill level 15 in Armour
 16698 | D:10     | Found a staircase to the Orcish Mines.
 16829 | D:10     | Received a gift from Trog
 17077 | Orc:1    | Entered Level 1 of the Orcish Mines
 17299 | Orc:2    | Entered Level 2 of the Orcish Mines
 17321 | Orc:2    | Found Ehuser's Antique Weapon Shop.
 17396 | Orc:2    | Found Diolusiwn's Antique Armour Emporium.
 17453 | Orc:2    | Found Millik's General Store.
 17546 | Orc:2    | Found Patimn's Book Emporium.
 17573 | Orc:2    | Noticed an orc warlord
 17589 | Orc:2    | Killed an orc warlord
 17914 | Orc:2    | Found a staircase to the Elven Halls.
 17996 | Orc:2    | Bought a scroll of blinking for 112 gold pieces
 17996 | Orc:2    | Bought a potion of curing for 45 gold pieces
 18105 | Orc:1    | Paralysed by an orc sorcerer for 6 turns
 18115 | Orc:1    | Received a gift from Trog
 18115 | Orc:1    | Reached skill level 10 in Evocations
 18315 | Orc:1    | Found Ygel Xyb Quf's Book Shop.
 18614 | D:11     | Noticed murphy's ghost (journeyman DsAK)
 18624 | D:11     | Killed murphy's ghost
 18827 | D:11     | Found a labyrinth entrance.
 18829 | D:11     | Received a gift from Trog
 18852 | Lab      | Entered a labyrinth
 19394 | D:11     | Received a gift from Trog
 20836 | D:12     | Gained mutation: You have sharp toenails. [potion of beneficial mutation]
 20837 | D:12     | Gained mutation: You are partially covered in rough black scales. (AC +4, Dex -1) [potion of beneficial mutation]
 21036 | D:13     | Identified the Almanac of Mutagenic Black Magic (You found it on level 13 of the Dungeon)
 21121 | D:13     | Noticed Azrael
 21137 | D:13     | Killed Azrael
 21402 | D:13     | Received a gift from Trog
 21411 | D:13     | Reached XP level 15. HP: 146/146 MP: 10/21
 21417 | D:13     | Found a gate to the Vaults.
 22885 | D:14     | Reached ****** piety under Trog
 23041 | D:15     | Entered Level 15 of the Dungeon
 23041 | D:15     | Noticed Agnes
 23055 | D:15     | Killed Agnes
 23062 | D:15     | Received a gift from Trog
 23088 | D:15     | Found a portal to a secret trove of treasure.
 23456 | D:15     | Found a staircase to the Depths.
 23878 | D:15     | Gained mutation: Your flesh is cold resistant. (rC+) [mutagenic meat]
 23882 | D:15     | Gained mutation: Your system is resistant to poisons. (rPois) [mutagenic meat]
 23883 | D:15     | Lost mutation: Your system is resistant to poisons. (rPois) [mutagenic meat]
 23884 | D:15     | Gained mutation: You are resistant to hostile enchantments. (MR+) [mutagenic meat]
 24291 | Spider:1 | Entered Level 1 of the Spider Nest
 24320 | Spider:1 | HP: 6/149 [tarantella (5)]
 24325 | Spider:1 | HP: 7/149 [tarantella (6)]
 24326 | Spider:1 | Slain by a redback

Vault maps used:
D:1:      elethiomel_arrival_quiet
D:2:      grunt_temple_overflow_forces_of_nature, old_standard_altar
D:3:      gammafunk_pakellas_cloud_experiment,
          gammafunk_temple_overflow_elements, ecumenical_altar_1
D:4:      led_xom_imps
D:5:      minmay_opposing_rooms, lemuel_doored_altar, first_bread
D:6:      minivault_26, uniq_edmund
D:7:      nicolae_overflow_crystal_walls, lemuel_coloured_pillars_altar,
          minmay_temple_entry_metal_lava, uniq_pikel, uniq_joseph
D:8:      nicolae_ru_awakened_eye, serial_co_window_serial, co_window_paths_a,
          co_window_cross_1, co_window_corner_a, co_window_paths_b,
          co_window_corner_a, co_window_paths_a, co_window_paths_a,
          co_window_cross_4, co_window_paths_c, co_window_unsneaky_path_c,
          co_window_broadway_c, co_window_cross_4, co_window_paths_e,
          co_window_paths_d
D:9:      grunt_temple_overflow_gold_and_silver, grunt_dithmenos_smoke,
          dpeg_lair_monsters, enter_bailey_2, special_room,
          hangedman_tell_no_tales
D:10:     david_orc_4
D:11:     lab_entry_generic
D:13:     lemuel_troll_bridge, david_vaults_3, uniq_azrael
D:14:     nooodl_food_tri
D:15:     grunt_enter_depths_hoard, serial_bayou_ford_a, serial_corexii_hall,
          corexii_hall_statues_x, corexii_hall_statues_t,
          nicolae_trove_entry_crossroad, uniq_agnes
Lair:1:   grunt_megastairs_3, serial_bayou_shore_a
Lair:2:   columned_hall_lemuel, st_stairs_10, minmay_holes
Lair:3:   disabler_island, uniq_nergalle
Lair:4:   elwin_shoals_entry_stream, spider_nest_entry_funnel_web,
          lemuel_fruit_tree, grunt_megastairs_1
Lair:5:   serial_bayou_pond_e, grunt_megastairs_4, bh_autumn_forest_stairs,
          serial_bayou_shore_b, uniq_maud, uniq_kirke
Lair:6:   grunt_lair_end_beastmaster, dpeg_slime_entry_corner, basic_altar
Spider:1: spider_trap
Orc:1:    serial_shops, nicolae_shop_trees
Orc:2:    grunt_orc_gardens, grunt_orc_garden, grunt_orc_garden,
          grunt_orc_garden, grunt_orc_garden
Lab:      nicolae_lab_dead_adventurers
Bailey:   bailey_polearm_2, bailey

Skill      XL: |  1  2  3  4  5  6  7  8  9 10 11 12 13 14 15 |
---------------+----------------------------------------------+-----
Maces & Flails | 4 5 6 7 8 9 11 13 14 | 14.2
Fighting       | 7 10 11 13 15 16 18 | 18.2
Armour         | 6 9 11 13 14 16 18 | 18.1
Evocations     | 2 6 8 9 10 | 10.6
Throwing       | 2 4 5 |  5.2
Dodging        | |  2.1

Action                   |  1- 3 |  4- 6 |  7- 9 | 10-12 | 13-15 || total
-------------------------+-------+-------+-------+-------+-------++-------
Melee: Whip              |    84 |    60 |       |       |       ||   144
       Mace              |     5 |       |       |       |       ||     5
       Headbutt          |     5 |    18 |    57 |   116 |   266 ||   462
       Flail             |       |    39 |   220 |       |       ||   259
       Dire flail        |       |       |    98 |   653 |  1196 ||  1947
Throw: Javelin           |       |       |       |    84 |    39 ||   123
       Tomahawk          |       |       |       |       |   175 ||   175
Invok: Berserk           |     1 |     4 |     7 |    11 |    17 ||    40
       Brothers in Arms  |       |       |       |     9 |    11 ||    20
       Trog's Hand       |       |       |       |     6 |    14 ||    20
       Burn Spellbooks   |       |       |       |     1 |     3 ||     4
Evoke: Phantom mirror    |       |       |       |       |     1 ||     1
  Use: Scroll            |     1 |     6 |     9 |     4 |    13 ||    33
       Potion            |       |       |     6 |     2 |    19 ||    27
 Stab: Distracted        |       |       |       |     3 |     1 ||     4
  Eat: Chunk             |     2 |     4 |    20 |    21 |    50 ||    97
       Fruit             |       |     2 |       |       |       ||     2
       Pizza             |       |     1 |       |       |     1 ||     2
       Meat ration       |       |       |     1 |     1 |     3 ||     5
       Bread ration      |       |       |       |     2 |     1 ||     3
       Royal jelly       |       |       |       |     1 |     1 ||     2
       Beef jerky        |       |       |       |     1 |       ||     1
Armor: Ring mail         |    32 |    24 |     2 |       |       ||    58
       Plate armour      |       |       |   161 |   402 |   945 ||  1508
Dodge: Dodged            |    50 |    42 |    65 |   213 |   456 ||   826
